 Seeded DCSS version 0.31-a0-4-gefa6de2278 (webtiles) character file.

Game seed: 9909445277333701623 (custom seed)

389 Pimp the Magician (level 6, -7/32 HPs)
             Began as a Deep Elf Earth Elementalist on May 3, 2023.
             Mangled by a sleepcap (14 damage)
             ... on level 3 of the Dungeon.
             The game lasted 00:07:55 (2537 turns).

Pimp the Magician (Deep Elf Earth Elementalist)     Turns: 2537, Time: 00:07:56

Health: -7/32      AC:  2    Str:  5    XL:     6   Next: 49%
Magic:  15/15      EV:  2    Int: 22    God:
Gold:   86         SH:  0    Dex: 15    Spells: 10/14 levels left

rFire   . . .        h - +2 dagger (venom)
rCold   . . .        (no shield)
rNeg    . . .        a - +0 robe
rPois   .            (no helmet)
rElec   .            (no cloak)
rCorr   .            (no gloves)
SInv    .            (no boots)
Will    +....        (no amulet)
Stlth   +++          c - ring of willpower
HPRegen 0.25/turn    l - ring of flight
MPRegen 0.14/turn

%: no passive effects
@: sleeping, flying
A: no striking features
a: no special abilities


You were on level 3 of the Dungeon.
You visited 1 branch of the dungeon, and saw 3 of its levels.

You collected 86 gold pieces.

Inventory:

Hand Weapons
 h - a +2 dagger of venom (weapon)
Armour
 a - a +0 robe (worn)
Jewellery
 c - a ring of willpower (left hand)
 l - a ring of flight (right hand)
Scrolls
 e - a scroll of identify
 j - a scroll of enchant armour {unknown}
Potions
 b - a potion of magic
 d - a potion of haste {unknown}
 f - a potion of cancellation {unknown}
 g - 2 potions of ambrosia {unknown}
 i - a potion of mutation {unknown}
 k - a potion of attraction {unknown}


   Skills:
 + Level 4.3 Dodging
 + Level 4.5 Stealth
 + Level 4.9 Spellcasting
 + Level 3.3 Transmutations
 + Level 4.6 Earth Magic


You had 10 spell levels left.
You knew the following spells:

 Your Spells              Type           Power      Damage    Failure   Level
a - Sandblast             Erth           50%        2d12      1%          1
b - Stone Arrow           Conj/Erth      30%        3d8       12%         3

Your spell library contained the following spells:

 Spells                   Type           Power      Damage    Failure   Level
 Passwall                 Tmut/Erth      19%        N/A       3%          2
 Shock                    Conj/Air       20%        1d4       11%         1
 Lesser Beckoning         Tloc           10%        N/A       16%         2
 Petrify                  Tmut/Erth      23%        N/A       21%         4
 Mephitic Cloud           Conj/Pois/Air  5%         N/A       30%         3
 Portal Projectile        Hex/Tloc       10%        N/A       30%         3


Dungeon Overview and Level Annotations

Branches:
Dungeon (3/15)

Altars:


Message History

Things that are here:
a +0 short sword; a +0 scale mail; a frilled lizard corpse You start resting.
HP restored.
j - a scroll labelled ITYUHAIQOT A jackal and a sleepcap come into view.
The jackal barks!
The jackal moves out of view.
A sleepcap is nearby!
Found a hat.
The jackal closely misses you.
You miss the jackal. The jackal closely misses you. The jackal bites you.
You closely miss the jackal. The jackal bites you.
You hit the jackal.
The jackal is moderately wounded.
The jackal bites you. The jackal barely misses you.
You hit the jackal.
The jackal is poisoned.
You punch the jackal.
The jackal is almost dead.
You kill the jackal!
The sleepcap releases spores at you.
You are engulfed in a cloud of soporific spores!
You fall asleep.
The sleepcap releases spores at you!
You wake up.
You hit the sleepcap.
The sleepcap is lightly damaged.
The sleepcap barely misses you.
You hit the sleepcap but do no damage.
You punch the sleepcap, but do no damage.
The sleepcap is lightly damaged.
The sleepcap releases spores at you.
You are engulfed in a cloud of soporific spores!
You are unaffected.
You hit the sleepcap but do no damage.
The sleepcap is lightly damaged.
The sleepcap releases spores at you.
* * * LOW HITPOINT WARNING * * *
You are engulfed in a cloud of soporific spores!
You fall asleep.
The sleepcap releases spores at you!
You die...

#....# #.(..........#
#....# #............#
###....###########.....###
.##...........###..#...#
.##...........##..##...#
.#####........##.###...# .#
#........######...#
.#####.......###..##.###
..##.......###.f@....#
..##......##[........#
).##.†.....###.......#
...)...#.....###..####
####...#.†.....####
.###...#........#
...#..>'........##
##.#...#.........##########
.#.....#...........).......


You could see a sleepcap.

Vanquished Creatures
  A black bear (D:3)
  A hound (D:3)
  Jessica (D:3)
  Terence (D:3)
  9 adders
  3 gnolls (D:2)
  2 dart slugs (D:3)
  4 worms
  6 orcs (D:3)
  4 endoplasms
  3 giant cockroaches
  6 goblins
  11 hobgoblins
  6 jackals
  2 quokkas (D:3)
  3 ball pythons (D:1)
  8 bats
  2 frilled lizards (D:3)
  5 kobolds
  7 rats
85 creatures vanquished.

Notes
Turn   | Place    | Note
-------+----------+-------------------------------------------
     0 | D:1      | Pimp the Deep Elf Earth Elementalist began the quest for
                  | the Orb.
     0 | D:1      | Reached XP level 1. HP: 10/10 MP: 6/6
   142 | D:1      | Reached XP level 2. HP: 15/15 MP: 5/8
   145 | D:1      | Identified a scroll of acquirement
   150 | D:1      | Acquired Uri Zeh's Directory of the Shocking Tesseract
   577 | D:1      | Reached XP level 3. HP: 19/19 MP: 7/9
   581 | D:1      | Learned a level 3 spell: Stone Arrow
   925 | D:2      | Reached XP level 4. HP: 23/24 MP: 9/11
  1186 | D:2      | Found a faded altar of an unknown god.
  1731 | D:3      | Reached XP level 5. HP: 18/28 MP: 10/13
  1815 | D:3      | Noticed a black bear
  1830 | D:3      | HP: 1/28 [black bear (5)]
  1831 | D:3      | Killed a black bear
  2020 | D:3      | Noticed Jessica
  2022 | D:3      | Killed Jessica
  2023 | D:3      | Reached XP level 6. HP: 32/32 MP: 14/14
  2436 | D:3      | Noticed Terence
  2448 | D:3      | Killed Terence
  2537 | D:3      | Mangled by a sleepcap

Illustrated notes

Levels and vault maps discovered:
D:1:      psy_arrival_radial01, layout_rooms, chequers_hall_statues_wall_a,
          supply_closet_lemuel
D:2:      layout_basic, hellmonk_ecumenical_altar_arch_garden
D:3:      minmay_angry_zag, layout_basic, st_stairs_13, hellmonk_no_cap,
          uniq_jessica, uniq_terence

Skill      XL: |  1  2  3  4  5 |
---------------+----------------+-----
Stealth        | 3 4 |  4.5
Dodging        | 3 4 |  4.3
Transmutations | 2 3 |  3.3
Earth Magic    | 4 |  4.6
Spellcasting   | 4 |  4.9

Action                     |  1- 3 |  4- 6 || total
---------------------------+-------+-------++-------
  Melee: Unarmed           |     3 |       ||     3
         Dagger            |     7 |    85 ||    92
         Punch             |       |     2 ||     2
   Cast: Sandblast         |    43 |    51 ||    94
    Use: Scroll            |     1 |     4 ||     5
         Potion            |     1 |     1 ||     2
   Stab: Sleeping          |       |     4 ||     4
 Armour: Robe              |     8 |    21 ||    29
  Dodge: Dodged            |    39 |   101 ||   140

Table legend: (Time is in decaauts)
 A = Elapsed time spent in this place.
 B = Non-inter-level travel time spent in this place.
 C = Inter-level travel time spent in this place.
 D = Time resting spent in this place.
 E = Time spent auto-exploring this place.
 F = Levels seen in this place.
 G = Mean time per level.
                   A        B        C        D        E       F      G
               +--------+--------+--------+--------+--------+-----+--------+
         Total |   2582 |   2494 |     88 |    394 |   1451 |   3 |  860.7 |
       Dungeon |   2582 |   2494 |     88 |    394 |   1451 |   3 |  860.7 |
               +--------+--------+--------+--------+--------+-----+--------+

Top non-repeatable levels by time:
     D:2: 928 daAuts
     D:3: 867 daAuts
     D:1: 785 daAuts
